 Dungeon Crawl Stone Soup version 0.29.0-13-gc9e81de378 (webtiles) character file.

Game seed: 6095744600932132158

56 sanka the Ruffian (level 3, -1/28 HPs)
             Began as a Draconian Transmuter on Sept 8, 2022.
             Slain by a hobgoblin
             ... wielding a +1 vorpal flail
              (4 damage)
             ... on level 3 of the Dungeon.
             The game lasted 00:02:27 (1628 turns).

sanka the Ruffian (Draconian Transmuter)            Turns: 1628, Time: 00:02:27

Health: -1/28      AC:  5    Str: 12    XL:     3   Next: 69%
Magic:  6/6        EV: 12    Int: 15    God:
Gold:   98         SH:  0    Dex: 11    Spells: 3/6 levels left

rFire   . . .      SeeInvis +     - Unarmed
rCold   . . .      Faith    .   (no shield)
rNeg    + . .      Spirit   .   (body armour unavailable)
rPois   .          Reflect  .   (helmet restricted)
rElec   .          Harm     .   (no cloak)
rCorr   .          Rampage  .   (no gloves)
Will    .....                   (no boots)
Stlth   +.........              (no amulet)
HPRegen 0.09/turn               m - ring of see invisible
MPRegen 0.10/turn               k - ring of positive energy

@: no status effects
A: AC +5, unfitting armour, cold-blooded
a: no special abilities


You were on level 3 of the Dungeon.
You visited 1 branch of the dungeon, and saw 3 of its levels.

You collected 98 gold pieces.


Innate Abilities, Weirdness & Mutations

Your plain brown scales are hard. (AC +5)
You cannot fit into any form of body armour.
You are cold-blooded and may be slowed by cold attacks.


   Skills:
 - Level 1.1 Fighting
 - Level 1.7 Dodging
 + Level 3.9 Unarmed Combat
 - Level 2.0 Spellcasting
 + Level 3.2 Transmutations


You had 3 spell levels left.
You knew the following spells:

 Your Spells              Type           Power      Damage    Failure   Level
y - Wereblood             Tmut           11%        N/A       9%          2
z - Beastly Appendage     Tmut           22%        N/A       6%          1

Your spell library contained the following spells:

 Spells                   Type           Power      Damage    Failure   Level
 Spider Form              Tmut/Pois      6%         N/A       34%         3
 Ice Form                 Ice/Tmut       6%         N/A       75%         4

Inventory:

Hand Weapons
 i - the +4 hand axe "Faceg" {venom, *Noise rPois Will- Int+5}

   It poisons the flesh of those it strikes.
   Int:       It affects your intelligence (+5).
   rPois:     It protects you from poison.
   *Noise:    It may make noises in combat.
   Will:      It decreases your willpower.
Jewellery
 e - a ring of fire
 k - a ring of positive energy (right hand)
 m - a ring of see invisible (left hand)
Wands
 o - a wand of mindburst (15)
Scrolls
 b - a scroll of teleportation {unknown}
 c - a scroll of fear {unknown}
 d - a scroll of magic mapping {unknown}
 h - a scroll of amnesia {unknown}
 j - a scroll of torment {unknown}
 l - 2 scrolls of identify {unknown}
 n - a scroll of poison {unknown}
Potions
 a - a potion of lignification {!q}
 f - 2 potions of magic {unknown}
 g - a potion of flight {unknown}

Dungeon Overview and Level Annotations

Branches:
Dungeon (3/15)

Altars:

▒▒▒▒▒▒▒ ▒▒.....▒▒
▒▒....^..▒▒ ▒▒▒
▒......>..▒ ▒..
▒.........▒ ▒▒▒..
▒.....g...▒ ▒....
▒....d....▒ ▒.▒..
▒.........▒ ▒▒▒▒.▒▒▒
▒.........▒▒▒▒▒....▒
▒...........▒▒.....▒▒▒
▒▒..................▒▒
▒▒............▒.....▒▒▒
...........▒▒...▒▒.....
.▒▒.............▒▒▒.▒▒.
...............▒ ▒.▒▒.


You could see a hobgoblin.


Message History

The orc is heavily wounded.
The orc completely misses you.
You hit the orc. Your kick misses the orc. Your headbutt misses the orc.
The orc is almost dead.
The orc hits you but does no damage.
You barely miss the orc.
The orc is almost dead.
The orc closely misses you.
You barely miss the orc. Your kick misses the orc.
The orc is almost dead.
The orc hits you but does no damage.
You hit the orc.
You kill the orc!
No target in view!
No target in view!
Your transformation is almost over.
A rat comes into view.
The rat closely misses you.
You hit the rat.
You kill the rat!
Found a stone staircase leading down.
A hobgoblin comes into view. It is wielding a +1 vorpal flail.
Your horns disappear.
Your talons disappear.
The hobgoblin hits you with a +1 vorpal flail!
* * * LOW HITPOINT WARNING * * *
You die...

Action                   || total
-------------------------++-------
Melee: Unarmed           ||   101
       Headbutt          ||    11
       Tailslap          ||    12
       Kick              ||    17
       Punch             ||     2
 Cast: Beastly Appendage ||    23
Armor: Skin              ||    27
Dodge: Dodged            ||    48

Levels and vault maps discovered:
D:1:      tarquinn_simple_flora_water_e, layout_rooms
D:2:      layout_loops_ring, kennysheep_crisscross
D:3:      layout_rooms, mainiacjoe_overflow_alcove_1, portal_sewer_entry_d,
          basic_ecumenical_altar, minmay_misc_feat_doors

Notes
Turn   | Place    | Note
-------+----------+-------------------------------------------
     0 | D:1      | sanka the Draconian Transmuter began the quest for the Orb.
     0 | D:1      | Reached XP level 1. HP: 16/16 MP: 3/3
   124 | D:1      | Reached XP level 2. HP: 18/23 MP: 1/5
   384 | D:1      | Learned a level 2 spell: Wereblood
   703 | D:1      | Reached XP level 3. HP: 24/28 MP: 4/6
   992 | D:2      | Identified the +4 hand axe "Faceg" {venom, *Noise rPois
                  | Will- Int+5}
  1498 | D:3      | Reached skill level 3 in Transmutations
  1628 | D:3      | Slain by a hobgoblin

Vanquished Creatures
  An adder (D:3)
  A dart slug (D:1)
  An orc (D:3)
  4 endoplasms
  3 giant cockroaches
  5 goblins
  5 hobgoblins
  3 jackals (D:1)
  3 quokkas (D:1)
  2 bats
  A frilled lizard (D:1)
  5 kobolds
  5 rats
39 creatures vanquished.
